 Dungeon Crawl Stone Soup version 0.26.1-2-gb8aa6d0cf2 (webtiles) character file.

Game seed: 3363792036646989636

3121 Cassim the Summoner (level 10, 0/77 HPs)
             Began as a Human Summoner on Mar 25, 2021.
             Was an Initiate of Gozag.
             Slain by a wolf (4 damage)
             ... on level 1 of the Lair of Beasts on Mar 27, 2021.
             The game lasted 02:11:43 (11632 turns).

Cassim the Summoner (Human Summoner)               Turns: 11632, Time: 02:11:44

Health: 0/77       AC:  7    Str: 16    XL:     10   Next: 14%
Magic:  6/21       EV: 14    Int: 18    God:    Gozag
Gold:   717        SH:  0    Dex: 13    Spells: 14/24 levels left

rFire    . . .     SeeInvis .   f - +4 hunting sling
rCold    . . .     Faith    .   (no shield)
rNeg     . . .     Spirit   .   s - +0 leather armour
rPois    +         Reflect  .   m - +0 helmet
rElec    .         Harm     .   r - +1 cloak
rCorr    .         Rampage  .   (no gloves)
Will     .....                  h - +0 pair of boots
Stlth    ++........             (no amulet)
HPRegen  0.22/turn              p - ring of poison resistance
MPRegen  0.17/turn              H - +6 ring of strength

@: lethally poisoned (0 -> -3), about to teleport
A: no striking features
a: Renounce Religion, Potion Petition, Call Merchant, Bribe Branch


You were on level 1 of the Lair of Beasts.
You worshipped Gozag.
Gozag was pleased with you.
You visited 3 branches of the dungeon, and saw 11 of its levels.

You collected 1208 gold pieces.
You spent 78 gold pieces at shops.
You paid 413 gold pieces to Gozag.

Inventory:

Hand Weapons
 f - a +4 hunting sling (weapon)
 j - a +0 short sword of venom
 x - a +0 morningstar
Missiles
 e - 121 stones (quivered ammo)
 g - 49 poisoned darts
 y - 18 sling bullets
Armour
 a - a +0 robe
 h - a +0 pair of boots (worn)
 m - a +0 helmet (worn)
 r - a +1 cloak (worn)
 s - a +0 leather armour (worn)
 z - a +0 kite shield
Magical Staves
 K - an uncursed staff of conjuration
Jewellery
 p - a ring of poison resistance (left hand)
 H - a +6 ring of strength (right hand)
 I - an uncursed ring of resist corrosion
Wands
 i - a wand of flame (7)
 A - a wand of paralysis (6)
 B - a wand of iceblast (4)
Scrolls
 b - 2 scrolls of identify
 k - a scroll of fear
 l - 7 scrolls of remove curse
 o - 4 scrolls of teleportation
 v - a scroll of magic mapping
 w - a scroll of fog {unknown}
 D - a scroll of brand weapon {unknown}
 E - a scroll of torment {unknown}
 F - a scroll of immolation {unknown}
Potions
 c - a potion of cancellation
 d - a potion of attraction {unknown}
 n - a potion of lignification
 u - a potion of haste
 G - 2 potions of curing


   Skills:
 + Level 6.4 Fighting
 - Level 4.1 Throwing
 - Level 4.7 Dodging
 - Level 2.0 Stealth
 - Level 7.2 Unarmed Combat
 + Level 7.9 Spellcasting
 - Level 9.0 Summonings
 - Level 5.6 Air Magic


You had 14 spell levels left.
You knew the following spells:

 Your Spells              Type           Power        Failure   Level
a - Summon Small Mammal   Summ           100%         1%          1
b - Call Canine Familiar  Summ           39%          1%          3
c - Call Imp              Summ           39%          1%          2
d - Summon Lightning Spi  Summ/Air       33%          6%          4

Your spell library contained the following spells:

 Spells                   Type           Power        Failure   Level
 Summon Guardian Golem    Hex/Summ       23%          5%          3
 Corona                   Hex            7%           12%         1
 Ensorcelled Hibernation  Hex/Ice        14%          19%         2
 Summon Ice Beast         Ice/Summ       23%          19%         4
 Confusing Touch          Hex            7%           36%         3
 Dazzling Flash           Conj/Hex       14%          36%         3
 Tukima's Dance           Hex            7%           36%         3


Dungeon Overview and Level Annotations

Branches:
Dungeon (8/15)             Temple (1/1) D:4            Lair (2/6) D:8
  Swamp: Lair:2-4    Shoals: Lair:2-4     Snake: Lair:2-4    Spider: Lair:2-4

Altars:
Ashenzari
Cheibriados
Dithmenos
Elyvilon
Fedhas
Gozag
Hepliaklqana
Kikubaaqudgha
Makhleb
Nemelex Xobeh
Okawaru
Qazlal
Sif Muna
Trog
Uskayaw
Vehumet
Wu Jian
Xom
Yredelemnul
Zin
The Shining One

Shops:
D:7 (

Annotations:
Lair:1 2 runed translucent doors


Message History

You feel sick.
The bullfrog gives a loud, deep croak!
You hear a howl! x2
There is a stone staircase leading up here.
You feel sick. The wolf bites you.
* * * LOW HITPOINT WARNING * * *
The wolf bites you.
* * * LOW HITPOINT WARNING * * *
You climb upwards.
Level annotation: 2 runed translucent doors You feel sick.
The wolf misses you. The water moccasin barely misses you. The wolf bites you!
* * * LOW HITPOINT WARNING * * *
The water moccasin bites you.
* * * LOW HITPOINT WARNING * * *
The wolf closely misses you.
There is a stone staircase leading down, spattered with blood here.
As you read the scroll of teleportation, it crumbles to dust.
You feel strangely unstable. The wolf bites you.
You die...
Your body crumbles into a pile of gold.

#P..# ##..##
#..#####...#
#..........#
#...#h.D...#
#..#..#....####
#..'.......#..#####
##..#..............(
#Phh#..#............
##h@#..#............
#S.#..#............
#..#..#............
#..####.......#####
#.............# #
#...#..###..#.#
#...........+.#
#...#.........# .
...#.......#.# .


You could see a water moccasin and 3 wolves.

Vanquished Creatures
  A komodo dragon (Lair:1)
  2 water moccasins (Lair:1)
  An ogre (D:6)
  2 phantoms (D:6)
  A howler monkey (D:5)
  A centaur zombie (D:6)
  2 hounds (D:4)
  A bullfrog skeleton (D:8)
  Jessica (D:2)
  3 iguanas (D:5)
  2 orc wizards (D:8)
  3 worker ants
  3 adders
  A shadow imp (D:5)
  A white imp (D:7)
  3 leopard geckos
  8 orcs
  A bat (D:2)
  3 giant cockroaches
  3 goblins
  A hobgoblin (D:1)
  3 jackals
  4 kobolds
  A quokka (D:8)
  4 frilled lizards
  A quokka skeleton (D:4)
  3 rats
60 creatures vanquished.

Vanquished Creatures (collateral kills)
  Prince Ribbit (D:7)
  Grinder (D:4)
  A water moccasin (Lair:1)
  A phantom (D:8)
  A sky beast (D:7)
  2 black bears
  An ice beast (D:7)
  2 orc warriors
  3 ogres
  A centaur (D:5)
  A wolf (Lair:1)
  Blork the orc (D:4)
  2 bullfrogs
  3 scorpions
  3 howler monkeys
  2 hounds
  An orc priest (D:7)
  A centaur zombie (D:8)
  2 centaur skeletons
  2 bullfrog skeletons
  8 orc wizards
  2 iguanas (D:8)
  Natasha (thrice) (D:3)
  3 worker ants
  A hound zombie (D:7)
  2 hound skeletons
  5 gnolls
  5 adders
  A white imp (D:8)
  2 ufetubi (D:5)
  3 worms
  A dart slug (D:1)
  22 orcs
  5 giant cockroaches
  2 goblins (D:1)
  3 hobgoblins
  6 jackals
  5 kobolds
  2 ball pythons
  2 bats
  3 frilled lizards
  2 rats
120 creatures vanquished.

Vanquished Creatures (others)
  2 plants
2 creatures vanquished.

Grand Total: 182 creatures vanquished

Notes
Turn   | Place    | Note
-------+----------+-------------------------------------------
     0 | D:1      | Cassim the Human Summoner began the quest for the Orb.
     0 | D:1      | Reached XP level 1. HP: 13/13 MP: 3/3
   411 | D:1      | Reached XP level 2. HP: 16/19 MP: 1/5
   903 | D:1      | Reached skill level 1 in Unarmed Combat
  1283 | D:2      | Noticed Jessica
  1377 | D:2      | Found a burning altar of Makhleb.
  1458 | D:2      | Reached XP level 3. HP: 24/24 MP: 2/6
  1462 | D:2      | Learned a level 3 spell: Call Canine Familiar
  1835 | D:2      | Killed Jessica
  1836 | D:2      | Reached XP level 4. HP: 30/30 MP: 3/8
  1876 | D:2      | Learned a level 2 spell: Call Imp
  2318 | D:3      | Found a shadowy altar of Dithmenos.
  2653 | D:3      | Noticed Natasha
  2666 | D:3      | Killed Natasha
  2735 | D:3      | Noticed Natasha
  2746 | D:3      | Killed Natasha
  2768 | D:3      | Noticed Natasha
  2782 | D:3      | Killed Natasha
  2783 | D:3      | Reached XP level 5. HP: 35/35 MP: 5/9
  3330 | D:3      | Found an iron altar of Okawaru.
  3861 | D:2      | Reached skill level 5 in Fighting
  3861 | D:2      | Reached skill level 7 in Summonings
  3861 | D:2      | Reached XP level 6. HP: 52/52 MP: 10/15
  3862 | D:2      | Reached skill level 9 in Summonings
  3862 | D:2      | Reached XP level 7. HP: 57/57 MP: 11/18
  3912 | D:2      | Learned a level 4 spell: Summon Lightning Spire
  4123 | D:4      | Reached skill level 1 in Air Magic
  4425 | D:4      | Found a sparkling altar of Nemelex Xobeh.
  4720 | D:4      | Reached XP level 8. HP: 55/64 MP: 16/19
  4769 | D:4      | Found a staircase to the Ecumenical Temple.
  4816 | Temple   | Entered the Ecumenical Temple
  5065 | Temple   | Became a worshipper of Gozag Ym Sagoz the Greedy
  5274 | D:4      | Noticed Grinder
  5274 | D:4      | Noticed Blork the orc
  5313 | D:4      | Paralysed by Grinder for 6 turns
  5620 | D:4      | Killed Blork the orc
  5907 | D:4      | Paralysed by Grinder for 2 turns
  5915 | D:4      | Killed Grinder
  6295 | D:4      | Found an ancient bone altar of Kikubaaqudgha.
  6360 | D:5      | Entered Level 5 of the Dungeon
  6861 | D:5      | Found a glowing silver altar of Zin.
  7287 | D:5      | Found a glowing golden altar of the Shining One.
  7515 | D:5      | Found a bloodstained altar of Trog.
  8178 | D:6      | Reached XP level 9. HP: 60/69 MP: 20/20
  8847 | D:6      | Found a faded altar of an unknown god.
  8847 | D:6      | Found a hide-covered altar of Uskayaw.
  8855 | D:6      | Found a faded altar of an unknown god.
  8857 | D:6      | Found a white marble altar of Elyvilon.
  8859 | D:6      | Found an ornate altar of the Wu Jian Council.
  9035 | D:7      | Reached skill level 5 in Air Magic
  9285 | D:7      | Noticed Prince Ribbit
  9756 | D:7      | Killed Prince Ribbit
  9823 | D:7      | Found a shimmering blue altar of Sif Muna.
  9839 | D:7      | Found a hazy altar of Hepliaklqana.
  9896 | D:7      | Found Eppiofri's Weapon Shoppe.
  9924 | D:7      | Bought 25 stones for 30 gold pieces
  9964 | D:7      | Bought a +0 morningstar for 48 gold pieces
 10239 | D:8      | Found the +7 captain's cutlass {speed, disarm}
 10643 | D:8      | Found a staircase to the Lair.
 11047 | Lair:1   | Entered Level 1 of the Lair of Beasts
 11235 | Lair:1   | Found a large runed translucent door.
 11235 | Lair:1   | Found a large runed translucent door.
 11267 | Lair:1   | Reached XP level 10. HP: 76/76 MP: 16/21
 11324 | Lair:1   | Noticed a komodo dragon
 11349 | Lair:1   | Killed a komodo dragon
 11581 | Lair:1   | Noticed a seven-headed hydra
 11632 | Lair:1   | Slain by a wolf

Illustrated notes

Levels and vault maps discovered:
D:1:      sevenhm_arrival_forest_fort_large_4, layout_basic
D:2:      layout_basic, lemuel_doored_altar, uniq_jessica
D:3:      layout_loops_ring, lemuel_crystal_altar, okawaru_metal_pillars_1_2,
          uniq_natasha
D:4:      layout_basic, kennysheep_mini, nemelex_altar_shiori,
          minmay_temple_entry_grid, chequers_serial_rivers_small_3,
          uniq_blork_the_orc, uniq_grinder
D:5:      layout_loops_ring, lightli_temple_of_fire, kennysheep_little_box,
          basic_altar
D:6:      layout_rooms, chequers_temple_overflow_minitemple
D:7:      layout_rooms, led_sif_pool, nzn_hepliaklqana_mist_gate, serial_shops,
          nicolae_shop_crystal, uniq_prince_ribbit1
D:8:      layout_cave_pools, lair_entry_dummy
Temple:   jpeg_temple_island
Lair:1:   layout_chaotic_city, ebering_ghost_disaster_area, serial_bayou_pond_e,
          infiniplex_staircase_pool_2, grunt_megastairs_2
Lair:2:   layout_concentric_octagons, grunt_megastairs_3

Skill      XL: |  1  2  3  4  5  6  7  8  9 |
---------------+----------------------------+-----
Unarmed Combat | 1 2 6 7 |  7.2
Spellcasting   | 3 6 7 |  7.9
Fighting       | 5 6 |  6.4
Summonings     | 7 9 |  9.0
Throwing       | 4 |  4.1
Dodging        | 4 |  4.7
Air Magic      | 1 4 5 |  5.6
Stealth        | |  2.0

Action                   |  1- 3 |  4- 6 |  7- 9 | 10-12 || total
-------------------------+-------+-------+-------+-------++-------
Melee: Unarmed           |    54 |   139 |       |       ||   193
       Hunting sling     |       |       |     5 |       ||     5
       Punch             |       |       |     1 |       ||     1
 Fire: Hunting sling     |       |       |   366 |    21 ||   387
Throw: Dart              |       |     4 |    11 |       ||    15
 Cast: Summon Small Mamm |    42 |       |     1 |       ||    43
       Call Canine Famil |     4 |     1 |    27 |     3 ||    35
       Call Imp          |       |    22 |    82 |    17 ||   121
       Summon Lightning  |       |       |     2 |     1 ||     3
Invok: Potion Petition   |       |       |     1 |       ||     1
Evoke: Wand              |       |       |     5 |       ||     5
  Use: Scroll            |     3 |     3 |    17 |     4 ||    27
       Potion            |       |     3 |     8 |       ||    11
 Stab: Sleeping          |     2 |     3 |       |       ||     5
Armor: Robe              |     8 |    26 |       |       ||    34
       Leather armour    |       |       |    50 |     4 ||    54
       Skin              |       |       |    12 |       ||    12
Dodge: Dodged            |    41 |    92 |   157 |    26 ||   316
